 Dungeon Crawl Stone Soup version 0.30-a0-576-g89cddaab80 (webtiles) character file.

Game seed: 15843834349384656538

9885 RepoMan the Grappler (level 11, -9/85 (95) HPs)
             Began as a White Draconian Earth Elementalist on Dec 31, 2022.
             Was a Believer of Sif Muna.
             Mangled by a spectral orc knight
             ... wielding a +1 long sword
             ... summoned by Nergalle
              (13 damage)
             ... on level 11 of the Dungeon.
             The game lasted 01:13:16 (12284 turns).

RepoMan the Grappler (DrEE)                        Turns: 12284, Time: 01:13:17

HP:   -9/85 (95)    AC:  7    Str: 18    XL:     11   Next: 28%
MP:   0/23          EV: 13    Int: 17    God:    Sif Muna [**....]
Gold: 523           SH:  0    Dex: 11    Spells: 11/14 levels left

rFire   . . .      SeeInvis .      - Unarmed
rCold   + . .      Faith    .    (no shield)
rNeg    + . .      Spirit   +    (body armour unavailable)
rPois   +          Reflect  .    (helmet restricted)
rElec   +          Harm     .    (no cloak)
rCorr   .          Rampage  .    (no gloves)
Will    .....                    (no boots)
Stlth   ++                       y - amulet of guardian spirit
HPRegen 0.34/turn                c - ring of positive energy
MPRegen 0.18/turn                j - ring of Qemmaiq {rElec rPois MP+9 Str+4}

@: heavily drained
A: breathe frost, AC +7, unfitting armour, cold resistance 1, cold-blooded
a: Breathe Frost, Renounce Religion, Channel Magic


You were on level 11 of the Dungeon.
You worshipped Sif Muna.
Sif Muna was pleased with you.
You visited 2 branches of the dungeon, and saw 13 of its levels.

You collected 523 gold pieces.

Inventory:

Missiles
 d - 2 silver javelins
 r - 45 poisoned darts
Jewellery
 c - a ring of positive energy (left hand)
 i - a ring of ice
 j - the ring of Qemmaiq (right hand) {rElec rPois MP+9 Str+4}
   (You took it off a necromancer on level 10 of the Dungeon)

   [ring of magical power]

   Str:       It affects your strength (+4).
   rElec:     It insulates you from electricity.
   rPois:     It protects you from poison.
   MP:        It affects your magic capacity (+9).
 o - a ring of flight
 w - a ring of fire
 y - an amulet of guardian spirit (around neck)
Wands
 k - a wand of charming (7)
 t - a wand of flame (21)
Scrolls
 f - a scroll of brand weapon
 g - a scroll of amnesia {unknown}
 m - a scroll of enchant weapon {unknown}
 n - a scroll of torment {unknown}
 q - a scroll of enchant armour
 u - a scroll of fog {unknown}
 v - a scroll of fear {unknown}
 x - 3 scrolls of noise {unknown}
 C - a scroll of vulnerability {unknown}
Potions
 a - a potion of magic
 b - 5 potions of attraction
 e - 2 potions of flight
 h - 5 potions of curing
 l - a potion of might
 p - a potion of mutation {unknown}
 s - a potion of resistance {unknown}
 z - 3 potions of brilliance {unknown}
 D - a potion of heal wounds {unknown}
 E - a potion of berserk rage {unknown}


   Skills:
 + Level 8.7 Fighting
 + Level 5.9 Dodging
 - Level 1.7 Stealth
 * Level 14.3 Unarmed Combat
 - Level 2.2 Spellcasting
 + Level 1.1 Transmutations
 - Level 3.3 Earth Magic


You had 11 spell levels left.
You knew the following spells:

 Your Spells              Type           Power      Damage    Failure   Level
p - Passwall              Tmut/Erth      7%         N/A       12%         2
s - Sandblast             Erth           26%        2d8       4%          1

Your spell library contained the following spells:

 Spells                   Type           Power      Damage    Failure   Level
 Stone Arrow              Conj/Erth      14%        3d7       28%         3
 Call Canine Familiar     Summ           1%         N/A       50%         3
 Hailstorm                Conj/Ice       1%         3d3       50%         3
 Portal Projectile        Hex/Tloc       2%         N/A       50%         3
 Petrify                  Tmut/Erth      9%         N/A       58%         4
 Leda's Liquefaction      Hex/Erth       3%         N/A       67%         4
 Lee's Rapid Deconstruct  Erth           6%         3d6*      80%         5
 Ice Form                 Ice/Tmut       3%         N/A       83%         4
 Simulacrum               Ice/Necr       0%         N/A       100%        6
 Statue Form              Tmut/Erth      6%         N/A       100%        6


Dungeon Overview and Level Annotations

Branches:
Dungeon (12/15)            Temple (1/1) D:7            Lair (0/5) D:9
    Orc (0/2) D:9

Altars:
Ashenzari
Cheibriados
Elyvilon
Fedhas
Hepliaklqana
Kikubaaqudgha
Nemelex Xobeh
Okawaru
Qazlal
Ru
Sif Muna
Trog
Uskayaw
Vehumet
Wu Jian
Xom
Yredelemnul
Zin
The Shining One

Shops:
D:7 [

Annotations:
D:5 slime
D:6 2 runed translucent doors, Azuvok's ghost, novice MiFi
D:7 exclusion: 2 downstairs
D:8 Erica; Joseph
D:9 4 runed translucent doors, exclusion: upstairs
D:11 Nergalle


Innate Abilities, Weirdness & Mutations

You can breathe waves of freezing cold which knock back foes.
Your icy white scales are hard. (AC +7)
You cannot fit into any form of body armour.
Your flesh is cold resistant. (rC+)
You are cold-blooded and may be slowed by cold attacks.


Message History

The spectral orc warrior closely misses you.
The spectral orc closely misses you.
You hit Nergalle.
Nergalle is almost dead.
You closely miss Nergalle. You tail-slap Nergalle.
Nergalle is almost dead.
You have got your breath back.
The spectral orc knight hits you with a +1 long sword!
You partially resist.
You feel drained.
Nergalle gestures at the spectral orc while chanting.
The spectral orc seems to speed up.
The spectral orc hits you but does no damage.
The spectral orc warrior hits you with a +0 war axe!
You partially resist.
You feel drained.
* * * LOW HITPOINT WARNING * * *
The spectral orc warrior hits you from afar with a +0 glaive!
* * * LOW HITPOINT WARNING * * *
Okay, then.
Unknown command.
Okay, then.
Unknown command.
Okay, then.
Unknown command.
Unknown command.
Press: ? - help, v - describe, . - travel
Here: Nergalle, wielding a +0 dagger and wearing a +0 robe (almost dead)
The floor, spattered with blood.
Unknown command.
Unknown command.
You hit Nergalle.
Nergalle is almost dead.
The spectral orc barely misses you.
Nergalle points at you and mumbles some strange words.
The bolt of negative energy hits you! You partially resist.
You feel drained.
* * * LOW HITPOINT WARNING * * *
The bolt of negative energy hits the spectral orc knight.
The spectral orc knight completely resists.
The bolt of negative energy misses the spectral orc warrior.
The spectral orc knight hits you with a +1 long sword!
You die...

≈≈≈≈≈.......#.........
#.##≈≈......#...<.....#
. ##≈.........).......
/p.(#~......###.......#.
....:...##### .........
$.|.#~..# ........#
...##≈..# #ZZ#....
#≈≈..# ####Z#..##
≈≈≈..## ##ZZ@oZ.#
......# #..Z##Z###
#.####.###..# #.Z# ..
#.#.(. ###.## #...#
#...# #..# ###.### ##..#
#...# #..## #.###
#..####.#


You could see Nergalle, 4 spectral orcs, 3 spectral orc warriors and 2 spectral
orc knights.

Vanquished Creatures
  Erolcha (D:11)
  A necromancer (D:10)
  Pikel (D:7)
  A cyclops (D:11)
  A kobold demonologist (D:9)
  A vampire (D:11)
  3 shadows
  A wyvern (D:11)
  16 yaks
  A wraith (D:10)
  2 vampire mosquitoes (D:10)
  A steam dragon (D:7)
  A basilisk (D:9)
  Duvessa (D:6)
  4 orc warriors
  An ice beast (D:6)
  2 black bears
  2 ogres
  3 lemures (D:7)
  6 centaurs
  7 kobold brigands
  2 scorpions
  3 bullfrogs (D:9)
  2 gnoll sergeants
  A necrophage (D:6)
  A wight (D:9)
  Dowan (D:6)
  13 killer bees
  4 howler monkeys
  4 hounds
  6 orc priests
  A gnoll bouda (D:4)
  2 jellies
  6 orc wizards
  An iguana (D:5)
  Terence (D:2)
  13 gnolls
  6 adders
  A shadow imp (D:6)
  A white imp (D:5)
  An ufetubus (D:5)
  A worm (D:2)
  8 dart slugs
  23 orcs
  9 endoplasms
  2 giant cockroaches
  4 goblins
  8 hobgoblins
  3 jackals (D:2)
  14 kobolds
  6 ball pythons
  3 bats
  6 frilled lizards
  3 rats
217 creatures vanquished.

Vanquished Creatures (others)
  15 fungi
  8 plants
  7 toadstools (D:5)
30 creatures vanquished.

Grand Total: 247 creatures vanquished

Notes
Turn   | Place    | Note
-------+----------+-------------------------------------------
     0 | D:1      | RepoMan the Draconian Earth Elementalist began the quest
                  | for the Orb.
     0 | D:1      | Reached XP level 1. HP: 14/14 MP: 3/3
   436 | D:1      | Found a faded altar of an unknown god.
   523 | D:1      | Reached skill level 1 in Unarmed Combat
   545 | D:1      | Reached XP level 2. HP: 20/20 MP: 3/5
   548 | D:1      | Learned a level 2 spell: Passwall
  1139 | D:2      | Reached skill level 2 in Unarmed Combat
  1139 | D:2      | Reached XP level 3. HP: 26/26 MP: 3/6
  1221 | D:2      | Noticed Terence
  1716 | D:2      | Reached skill level 3 in Unarmed Combat
  1799 | D:2      | Reached XP level 4. HP: 33/33 MP: 3/7
  2178 | D:3      | Reached skill level 4 in Unarmed Combat
  2350 | D:3      | Found a stormy altar of Qazlal.
  2457 | D:4      | Found an ancient bone altar of Kikubaaqudgha.
  2477 | D:4      | Noticed an ogre
  2484 | D:4      | Killed an ogre
  2485 | D:4      | Reached skill level 5 in Unarmed Combat
  2485 | D:4      | Reached XP level 5. HP: 38/38 MP: 4/8
  2765 | D:4      | Reached XP level 6. HP: 36/45 MP: 0/9
  3003 | D:4      | Found a bloodstained altar of Trog.
  3552 | D:5      | Entered Level 5 of the Dungeon
  3581 | D:5      | Reached skill level 6 in Unarmed Combat
  4168 | D:4      | Reached skill level 7 in Unarmed Combat
  4168 | D:4      | Your scales start taking on an icy white colour.
  4168 | D:4      | Reached XP level 7. HP: 26/50 MP: 4/10
  4168 | D:4      | Gained mutation: Your flesh is cold resistant. (rC+) [White
                  | Draconian growth]
  4422 | D:5      | Reached skill level 8 in Unarmed Combat
  4489 | D:5      | Noticed a slime creature
  4835 | D:5      | Noticed a slime creature
  5106 | D:6      | Noticed Duvessa
  5106 | D:6      | Noticed Dowan
  5143 | D:6      | Killed Duvessa
  5152 | D:6      | Reached skill level 9 in Unarmed Combat
  5152 | D:6      | Reached XP level 8. HP: 29/57 MP: 6/11
  5161 | D:6      | Killed Dowan
  5205 | D:6      | Reached skill level 1 in Fighting
  5693 | D:6      | Found a large runed translucent door.
  5693 | D:6      | Found a large runed translucent door.
  5823 | D:6      | Reached skill level 10 in Unarmed Combat
  6162 | D:6      | Noticed Azuvok's ghost (novice MiFi)
  6197 | D:7      | Found Ulac's Antique Armour Shop.
  6501 | D:6      | Reached XP level 9. HP: 44/71 MP: 9/12
  6817 | D:7      | Found a shimmering altar of Xom.
  6892 | D:7      | Reached skill level 11 in Unarmed Combat
  6894 | D:7      | Found a staircase to the Ecumenical Temple.
  6940 | Temple   | Entered the Ecumenical Temple
  6973 | Temple   | Became a worshipper of Sif Muna the Loreminder
  7154 | D:7      | Found an ornate altar of the Wu Jian Council.
  7216 | D:7      | Noticed Pikel
  7290 | D:7      | Killed Pikel
  7291 | D:7      | Reached skill level 5 in Fighting
  8060 | D:8      | Noticed Joseph
  8148 | D:7      | Reached skill level 12 in Unarmed Combat
  8248 | D:8      | Noticed Erica
  8581 | D:2      | Killed Terence
  9298 | D:9      | Found a staircase to the Orcish Mines.
  9659 | D:9      | Reached XP level 10. HP: 61/84 MP: 8/13
  9894 | D:9      | Found a staircase to the Lair.
 10026 | D:9      | Reached * piety under Sif Muna
 10507 | D:9      | Found a large runed translucent door.
 10507 | D:9      | Found a large runed translucent door.
 10531 | D:9      | Reached skill level 13 in Unarmed Combat
 10606 | D:9      | Noticed a centaur warrior
 10612 | D:9      | Found a large runed translucent door.
 10612 | D:9      | Found a large runed translucent door.
 10933 | D:9      | Noticed a manticore
 11089 | D:10     | Entered Level 10 of the Dungeon
 11111 | D:10     | Found a hide-covered altar of Uskayaw.
 11394 | D:10     | Reached skill level 5 in Dodging
 11403 | D:10     | Reached ** piety under Sif Muna
 11612 | D:10     | Reached XP level 11. HP: 59/94 MP: 10/14
 11622 | D:10     | Identified the ring of Qemmaiq {rElec rPois MP+9 Str+4}
 11622 | D:10     | Noticed a necromancer
 11643 | D:10     | Killed a necromancer
 11644 | D:10     | Reached skill level 14 in Unarmed Combat
 11762 | D:10     | You fall into a shaft and drop 2 floors!
 11792 | D:12     | Noticed a boulder beetle
 12177 | D:11     | Noticed a wizard
 12184 | D:11     | Noticed Erolcha
 12190 | D:11     | Killed Erolcha
 12267 | D:11     | Noticed Nergalle
 12284 | D:11     | HP: 4/85 [Nergalle/bolt of negative energy (12)]
 12284 | D:11     | Mangled by a spectral orc knight

Illustrated notes

Levels and vault maps discovered:
D:1:      saegor_arrival_under_anarchy, layout_loops_ring,
          dreamdust_ecumenical_altar_angels_and_demons
D:2:      layout_basic, uniq_terence
D:3:      layout_rooms, lemuel_crystal_altar, minmay_cut_off
D:4:      layout_basic, lightli_temple_of_fire, mainiacjoe_overflow_brackets,
          chequers_decorated_corner
D:5:      cheibrodos_fertilizer, layout_cave_pods
D:6:      layout_loops_ring, ebering_ghost_disaster_area, hangedman_decor_push,
          grunt_decor_junction, uniq_duvessa
D:7:      layout_basic, mainiacjoe_overflow_chevrons, marbit_many_paths,
          minmay_temple_entry_crystal_x, serial_shops, kennysheep_mini,
          uniq_pikel
D:8:      minmay_cornered_nines, layout_rooms, lemuel_crystal_altar,
          uniq_psyche, uniq_joseph, uniq_erica
D:9:      layout_gridville, grunt_lair_entry_orc_guard_hut, orc_0_dummy,
          minmay_hollow_rounded_squares
D:10:     nzn_winding_woodlands_cross [nzn_winding_woodlands_5x15_eye,
          nzn_winding_woodlands_5x15_pockets,
          nzn_winding_woodlands_5x15_river_crossing,
          nzn_winding_woodlands_5x15_sidewinder,
          nzn_winding_woodlands_15x15_eel_pit], layout_grid_maze,
          eat_drink_and_be_merry_uskayaw, mainiacjoe_overflow_big_doors,
          kennysheep_small_square
D:11:     cheibrodos_wizards_tower, layout_rooms, uniq_erolcha, uniq_nergalle
D:12:     layout_cave_pools
Temple:   nicolae_temple_ecumenical_triangle

Skill      XL: |  1  2  3  4  5  6  7  8  9 10 11 |
---------------+----------------------------------+-----
Unarmed Combat | 1 2 3 5 7 9 10 12 13 14 | 14.3
Fighting       | 4 6 8 |  8.7
Dodging        | 3 5 |  5.9
Stealth        | |  1.7
Spellcasting   | |  2.2
Transmutations | |  1.1
Earth Magic    | |  3.3

Action                   |  1- 3 |  4- 6 |  7- 9 | 10-12 || total
-------------------------+-------+-------+-------+-------++-------
Melee: Unarmed           |    44 |    72 |   195 |   246 ||   557
       Tailslap          |     1 |    11 |    30 |    48 ||    90
       Punch             |     2 |     3 |     7 |    25 ||    37
Throw: Dart              |       |     1 |    33 |     2 ||    36
       Javelin           |       |       |     4 |     1 ||     5
       Throwing net      |       |       |       |     1 ||     1
 Cast: Sandblast         |    63 |    91 |    88 |    25 ||   267
       Passwall          |       |       |     1 |       ||     1
 Abil: Breathe Frost     |       |       |    47 |    17 ||    64
  Use: Scroll            |     4 |     2 |    15 |     6 ||    27
       Potion            |     1 |     1 |     3 |     5 ||    10
 Stab: Sleeping          |       |       |       |     2 ||     2
Armor: Skin              |    24 |    22 |    61 |    48 ||   155
Dodge: Dodged            |    54 |    61 |   119 |   148 ||   382

Table legend: (Time is in decaauts)
 A = Elapsed time spent in this place.
 B = Non-inter-level travel time spent in this place.
 C = Inter-level travel time spent in this place.
 D = Time resting spent in this place.
 E = Time spent auto-exploring this place.
 F = Levels seen in this place.
 G = Mean time per level.
                   A        B        C        D        E       F      G
               +--------+--------+--------+--------+--------+-----+--------+
         Total |  12320 |  11708 |    612 |   3499 |   4456 |  13 |  947.7 |
       Dungeon |  12281 |  11669 |    612 |   3499 |   4456 |  12 | 1023.4 |
        Temple |     38 |     38 |      0 |      0 |      0 |   1 |   38.0 |
               +--------+--------+--------+--------+--------+-----+--------+

Top non-repeatable levels by time:
     D:7: 1903 daAuts
     D:9: 1805 daAuts
     D:4: 1548 daAuts
     D:5: 1541 daAuts
     D:6: 1229 daAuts
     D:2: 1216 daAuts
     D:1: 882 daAuts
     D:3: 754 daAuts
    D:10: 628 daAuts
    D:11: 448 daAuts
     D:8: 262 daAuts
    D:12: 62 daAuts
  Temple: 38 daAuts
